 Dungeon Crawl Stone Soup version 0.22-a0-117-g314b907 (webtiles) character file.

36 theanonym the Magician (level 3, 0/24 HPs)
             Began as a Mummy Fire Elementalist on Jan 29, 2018.
             Slain by an adder (3 damage)
             ... on level 2 of the Dungeon.
             The game lasted 00:02:52 (1009 turns).

theanonym the Magician (Mummy Fire Elementalist)    Turns: 1009, Time: 00:02:53

Health: 0/24       AC:  2    Str: 11    XL:     3   Next: 19%
Magic:  0/7        EV: 11    Int: 15    God:
Gold:   84         SH:  0    Dex: 12    Spells: 4/8 levels left

rFire    x . .     SeeInvis .   d - +0 dagger
rCold    + . .     Gourm    .   (no shield)
rNeg     + + +     Faith    .   a - +0 robe {0}
rPois    ∞         Spirit   .   (no helmet)
rElec    .         Reflect  .   (no cloak)
rCorr    .         Harm     .   (no gloves)
MR       .....                  (no boots)
Stlth    +.........             (no amulet)
HPRegen  0.08/turn              (no ring)
MPRegen  0.10/turn              (no ring)

@: heavily drained
A: no food or potions, fire vulnerability, cold resistance 1, negative energy
resistance 3, torment resistance, unbreathing
a: no special abilities


Innate Abilities, Weirdness & Mutations

You do not eat or drink.
Your flesh is vulnerable to fire.
You are immune to poison.
Your flesh is cold resistant. (rC+)
You are immune to negative energy. (rN+++)
You are immune to unholy pain and torment.
You can survive without breathing.


   Skills:
 - Level 1.5(0.0) Dodging
 - Level 1.5(0.0) Stealth
 + Level 3.1(1.5) Spellcasting
 * Level 1.9(0.4) Conjurations
 + Level 2.7(1.1) Fire Magic


You had 4 spell levels left.
You knew the following spells:

 Your Spells              Type           Power        Failure   Level  Hunger
a - Flame Tongue          Conj/Fire      #....        17%         1    N/A
b - Conjure Flame         Conj/Fire      #.......     45%         3    N/A

Skill      XL: |  1  2 |
---------------+-------+-----
Conjurations   | 1 |  1.9
Spellcasting   | 3 |  3.1
Dodging        | |  1.5
Stealth        | |  1.5
Fire Magic     | |  2.7

Action                   || total
-------------------------++-------
Melee: Short sword       ||     9
       Dagger            ||    29
 Cast: Flame Tongue      ||    43
Armor: Robe              ||    13
Dodge: Dodged            ||    49

Inventory:

Hand Weapons
 c - a +0 short sword
   (You took it off a kobold on level 1 of the Dungeon)
 d - a +0 dagger (weapon)
   (You took it off a goblin on level 1 of the Dungeon)
Armour
 a - a +0 robe (worn) {0}
Scrolls
 e - a scroll of identify {unknown}
 f - a scroll of enchant armour {unknown}
 g - 3 scrolls of fog {unknown}
 h - 2 scrolls of teleportation {unknown}
 i - 3 scrolls of enchant weapon {unknown}
Books
 b - a book of Flames


You were on level 2 of the Dungeon.
You were not hungry.

You visited 1 branch of the dungeon, and saw 2 of its levels.

You collected 84 gold pieces.

Dungeon Overview and Level Annotations

Branches:
Dungeon (2/15)

Altars:

#......#
#......#
#......#
#......#.
.........
#......#. . #.
########).......
.##.##
.......KS.......
.....
######@#######.
###...
#........#
.....#
#........## ##..
#.........# #...
#.........#
###...
#.........#
#....#
#.........#
#.#...
#.........#
###.#...
.........#
#.....##


You could see an adder and a kobold.

Notes
Turn   | Place    | Note
-------+----------+-------------------------------------------
     0 | D:1      | theanonym the Mummy Fire Elementalist began the quest for the Orb.
     0 | D:1      | Reached XP level 1. HP: 13/13 MP: 4/4
    82 | D:1      | Reached skill level 1 in Conjurations
   214 | D:1      | Reached XP level 2. HP: 18/19 MP: 1/5
   254 | D:1      | Reached skill level 3 in Spellcasting
   791 | D:2      | Reached XP level 3. HP: 16/24 MP: 1/7
   805 | D:2      | Learned a level 3 spell: Conjure Flame
  1006 | D:2      | HP: 10/24 [kobold (3)]
  1007 | D:2      | HP: 3/24 [kobold (2)]
  1009 | D:2      | Slain by an adder

Vanquished Creatures
  An adder (D:2)
  A dart slug (D:1)
  A giant cockroach (D:2)
  4 goblins
  A hobgoblin (D:2)
  4 jackals (D:1)
  3 kobolds (D:1)
  4 bats
  A frilled lizard (D:2)
  4 rats
24 creatures vanquished.

Table legend:
 A = Turns spent in this place as a percentage of turns spent in the entire game.
 B = Non-inter-level travel turns spent in this place as a percentage of non-inter-level travel turns spent in the entire game.
 C = Inter-level travel turns spent in this place as a percentage of turns spent in this place.
 D = Turns resting spent in this place as a percentage of non-inter-level travel turns spent in this place.
 E = Turns spent auto-exploring this place as a percentage of non-inter-level travel turns spent in this place.
 F = Non-inter-level travel turns spent in this place divided by the number of levels of this place that you've seen.
                   A       B       C       D       E      F
               +-------+-------+-------+-------+-------+----------------------
         Total | 100.0 | 100.0 |   0.3 |  29.4 |  53.1 | 503.0
       Dungeon | 100.0 | 100.0 |   0.3 |  29.4 |  53.1 | 503.0
               +-------+-------+-------+-------+-------+----------------------
